 Dungeon Crawl Stone Soup version 0.26.0-20-g3ca415f5b8 (webtiles) character file.

Game seed: 5670914018237132679

795 Gnirx the Digger (level 7, -10/36 HPs)
             Began as a Gargoyle Earth Elementalist on Jan 24, 2021.
             Shot with an arrow by a centaur (11 damage)
             ... on level 5 of the Dungeon.
             The game lasted 00:14:23 (5981 turns).

Gnirx the Digger (Gargoyle Earth Elementalist)      Turns: 5981, Time: 00:14:24

Health: -10/36     AC:  8    Str: 12    XL:     7   Next: 89%
Magic:  14/16      EV: 12    Int: 17    God:
Gold:   257        SH:  0    Dex: 13    Spells: 7/18 levels left

rFire    . . .     SeeInvis .   B - staff of earth
rCold    . . .     Faith    .   (no shield)
rNeg     + + .     Spirit   .   c - +0 robe
rPois    ∞         Reflect  .   (no helmet)
rElec    +         Harm     .   (no cloak)
rCorr    .         Rampage  .   j - +1 pair of gloves {Dex+3}
Will     .....                  (no boots)
Stlth    ++........             q - amulet of magic regeneration
HPRegen  0.12/turn              m - ring of positive energy
MPRegen  0.40/turn              C - ring of wizardry

@: studying Earth Magic
A: negative energy resistance 1, electricity resistance, unbreathing,
petrification resistance, miasma immunity, AC +4
a: no special abilities


You were on level 5 of the Dungeon.
You visited 1 branch of the dungeon, and saw 5 of its levels.

You collected 257 gold pieces.

Inventory:

Hand Weapons
 a - a +1 mace
Missiles
 b - 27 stones
Armour
 c - a +0 robe (worn)
 j - a +1 pair of gloves of dexterity (worn)
 l - a +0 pair of gloves
Magical Staves
 B - an uncursed staff of earth (weapon)
Jewellery
 m - a ring of positive energy (left hand)
 q - an amulet of magic regeneration (around neck)
 t - a +4 ring of evasion
 u - an uncursed ring of see invisible
 w - an uncursed ring of attention
 y - a cursed amulet of inaccuracy
 C - a ring of wizardry (right hand)
 E - a +4 ring of protection {unknown}
Scrolls
 f - 2 scrolls of fog
 g - 4 scrolls of amnesia
 n - 4 scrolls of identify
 p - 2 scrolls of teleportation
 v - 2 scrolls of remove curse
 x - a scroll of enchant weapon
Potions
 d - a potion of invisibility {unknown}
 e - 2 potions of attraction {unknown}
 h - 3 potions of flight {unknown}
 i - a potion of mutation {unknown}
 k - a potion of ambrosia {unknown}
 o - a potion of brilliance {unknown}
 r - 2 potions of heal wounds {unknown}
 s - 2 potions of resistance {unknown}
 z - a potion of haste {unknown}
 A - 3 potions of curing {unknown}
Books
 D - a manual of Earth Magic


   Skills:
 + Level 0.1 Fighting
 + Level 1.8 Dodging
 - Level 2.1 Stealth
 * Level 6.2 Spellcasting
 + Level 0.7 Transmutations
 * Level 7.4 Earth Magic


You had 7 spell levels left.
You knew the following spells:

 Your Spells              Type           Power        Failure   Level
a - Sandblast             Erth           92%          1%          1
b - Passwall              Tmut/Erth      23%          1%          2
c - Stone Arrow           Conj/Erth      54%          3%          3
d - Lee's Rapid Deconstr  Erth           23%          6%          5

Your spell library contained the following spells:

 Spells                   Type           Power        Failure   Level
 Petrify                  Tmut/Erth      28%          10%         4


Dungeon Overview and Level Annotations

Branches:
Dungeon (5/15)
 Temple: D:4-7

Altars:
Ashenzari
Cheibriados
Elyvilon
Makhleb
Yredelemnul
Zin
The Shining One

Shops:
D:4 =

Annotations:
D:4 1 runed translucent door, VeinyPole's ghost, amateur TrMo


Innate Abilities, Weirdness & Mutations

You are resistant to torment.
Your stone body is resilient. (AC +4)
You are immune to poison.
You resist negative energy. (rN+)
You are resistant to electric shocks. (rElec)
You can survive without breathing.
You are immune to petrification.
You are immune to miasma.


Message History

The centaur shoots an arrow.
The arrow barely misses you.
The centaur shoots an arrow.
The arrow hits you.
You see here an arrow.
The centaur shoots an arrow.
The arrow barely misses you.
There is an open door here.
Aiming: Sandblast (safe; 1% risk of failure)
Press: ? - help, Q - select action, (/) - cycle Shift-Dir - straight line, f - centaur
Aim: a centaur, wielding a +0 shortbow and quivering 6 arrows (10% to evade)
You feel a surge of power!
The blast of sand hits the centaur!!
The centaur is severely wounded.
The centaur shoots an arrow.
The arrow hits you!
Aiming: Sandblast (safe; 1% risk of failure)
Press: ? - help, Q - select action, (/) - cycle Shift-Dir - straight line, f/p - centaur
Aim: a centaur, wielding a +0 shortbow and quivering 5 arrows (severely wounded, 10% to evade)
You feel a surge of power!
The blast of sand hits the centaur.
The centaur is almost dead.
The centaur shoots an arrow.
The arrow hits you!
* * * LOW HITPOINT WARNING * * *
The centaur shoots an arrow.
The arrow hits you!
You die...

...#.......#.....................
...#######.#.....................
#+###..###.###'##.............###
#............#..#.............#
#............#..#."...#########
#..###########..#.....#
#..##.####.######.....#
#...........#((.#.....#####
#...........#.((@.........# ####
#...........#...#.c.......####...
####+###..#######................
..#...##..#......................
..#.......+...........####.......
..#.......#...........# #.......
..#.......#.c.........# #....#+#
..##..#####...........# #....#..
...#..###......######## #....#..


You could see a centaur.

Vanquished Creatures
  2 ogres
  Blork the orc (D:4)
  A scorpion (D:4)
  3 orc wizards
  A hound (D:5)
  Jessica (D:3)
  2 bullfrog skeletons (D:4)
  4 worker ants
  2 hound skeletons
  A worker ant zombie (D:5)
  6 adders
  An ufetubus (D:5)
  5 worms
  2 dart slugs
  A leopard gecko (D:5)
  15 orcs
  7 giant cockroaches
  9 goblins
  4 hobgoblins
  6 jackals
  8 kobolds
  3 quokkas
  A ball python zombie (D:5)
  7 bats
  8 frilled lizards
  8 rats
109 creatures vanquished.

Notes
Turn   | Place    | Note
-------+----------+-------------------------------------------
     0 | D:1      | Gnirx the Gargoyle Earth Elementalist began the quest for
                  | the Orb.
     0 | D:1      | Reached XP level 1. HP: 10/10 MP: 3/3
    69 | D:1      | Reached XP level 2. HP: 15/15 MP: 0/5
    83 | D:1      | Reached skill level 4 in Earth Magic
   893 | D:1      | Reached XP level 3. HP: 16/19 MP: 6/6
  1357 | D:2      | Learned a level 2 spell: Passwall
  1361 | D:2      | Learned a level 3 spell: Stone Arrow
  1770 | D:2      | Found a broken altar of Ashenzari.
  1917 | D:2      | Reached XP level 4. HP: 24/24 MP: 5/8
  2852 | D:3      | You fall into a shaft and drop 1 floor!
  2855 | D:4      | Found a runed translucent door.
  2855 | D:4      | Noticed VeinyPole's ghost (amateur TrMo)
  2883 | D:4      | Found a snail-covered altar of Cheibriados.
  2934 | D:4      | Reached skill level 5 in Earth Magic
  2998 | D:4      | Found Qunuen's Jewellery Emporium.
  3003 | D:4      | Reached XP level 5. HP: 24/28 MP: 7/10
  3069 | D:4      | Noticed an ogre
  3073 | D:4      | Killed an ogre
  3141 | D:4      | Reached XP level 6. HP: 17/32 MP: 10/12
  3334 | D:4      | Found a basalt altar of Yredelemnul.
  3460 | D:3      | Reached skill level 6 in Earth Magic
  3610 | D:3      | Noticed Jessica
  3613 | D:3      | Killed Jessica
  3767 | D:3      | Found a faded altar of an unknown god.
  4194 | D:4      | Reached skill level 5 in Spellcasting
  4243 | D:4      | Reached XP level 7. HP: 35/36 MP: 11/14
  4504 | D:4      | Noticed Blork the orc
  4525 | D:4      | Killed Blork the orc
  4526 | D:4      | Reached skill level 7 in Earth Magic
  4947 | D:5      | Entered Level 5 of the Dungeon
  4985 | D:5      | Found a glowing silver altar of Zin.
  4986 | D:5      | Found a white marble altar of Elyvilon.
  4987 | D:5      | Found a glowing golden altar of the Shining One.
  5531 | D:5      | Found a burning altar of Makhleb.
  5792 | D:5      | Learned a level 5 spell: Lee's Rapid Deconstruction
  5981 | D:5      | HP: 1/36 [centaur/arrow (11)]
  5981 | D:5      | Shot with an arrow by a centaur

Illustrated notes

Levels and vault maps discovered:
D:1:      dpeg_arrival_boxorama, layout_loops_ring, dk_noncrumbling_2
D:2:      minmay_evil_eye, layout_basic, lemuel_round_altar,
          serial_bayou_ford_a, chequers_decorated_corner
D:3:      layout_basic, chequers_ecumenical_altar_simple, uniq_jessica
D:4:      layout_basic, yredelemnul_altar_generic, lemuel_doored_altar,
          serial_shops, nicolae_shop_waterfront, hellmonk_ghost_happy_afterlife,
          abandoned_shop, kennysheep_cluttered_room, minmay_misc_feat_room,
          uniq_blork_the_orc
D:5:      layout_gridville, good_gods_temple_1, makhleb_blood_cavern_becter,
          minmay_manual_mares

Skill      XL: |  1  2  3  4  5  6  7 |
---------------+----------------------+-----
Earth Magic    | 4 5 6 7 |  7.4
Spellcasting   | 3 4 5 6 |  6.2
Fighting       | |  0.1
Dodging        | |  1.8
Stealth        | |  2.1
Transmutations | |  0.7

Action                   |  1- 3 |  4- 6 |  7- 9 || total
-------------------------+-------+-------+-------++-------
Melee: Unarmed           |    10 |       |       ||    10
 Cast: Sandblast         |    60 |    88 |    39 ||   187
  Use: Scroll            |     5 |     5 |     1 ||    11
Armor: Robe              |    10 |    21 |       ||    31
Dodge: Dodged            |    24 |    32 |    11 ||    67
